 Dungeon Crawl Stone Soup version 0.28.0-1-gb440e238dd (webtiles) character file.

Game seed: 4297785491685998116

555 Fallenstar the Chopper (level 7, -3/54 (61) HPs)
             Began as a Minotaur Fighter on Feb 19, 2022.
             Slain by a wight (4 damage)
             ... on level 4 of the Dungeon.
             The game lasted 00:07:56 (3885 turns).

Fallenstar the Chopper (Minotaur Fighter)           Turns: 3885, Time: 00:07:56

HP:   -3/54 (61)    AC:  7    Str: 23    XL:     7   Next: 8%
MP:   15/15         EV:  9    Int:  5    God:
Gold: 135           SH:  4    Dex:  9    Spells: 6/6 levels left

rFire   . . .      SeeInvis .   a - +0 war axe
rCold   . . .      Faith    .   c - +0 buckler
rNeg    . . .      Spirit   .   b - +0 scale mail
rPois   .          Reflect  .   (helmet restricted)
rElec   .          Harm     .   (no cloak)
rCorr   .          Rampage  .   (no gloves)
Will    .....                   (no boots)
Stlth   ..........              (no amulet)
HPRegen 0.18/turn               g - ring of magical power
MPRegen 0.14/turn               h - ring of flight

@: flying, heavily drained
A: horns 2, retaliatory headbutt
a: no special abilities


You were on level 4 of the Dungeon.
You visited 1 branch of the dungeon, and saw 4 of its levels.

You collected 135 gold pieces.

Inventory:

Hand Weapons
 a - a +0 war axe (weapon)
Armour
 b - a +0 scale mail (worn)
 c - a +0 buckler (worn)
Jewellery
 g - a ring of magical power (left hand)
 h - a ring of flight (right hand)
Wands
 d - a wand of paralysis (9)
Scrolls
 f - a scroll of acquirement {unknown}
 j - a scroll of fear {unknown}
 m - a scroll of vulnerability {unknown}
Potions
 e - a potion of degeneration {unknown}
 i - a potion of lignification
 l - a potion of attraction {unknown}


   Skills:
 + Level 5.1 Fighting
 + Level 6.1 Axes
 + Level 6.1 Armour
 + Level 1.1 Dodging
 + Level 0.4 Stealth
 + Level 4.5 Shields


You had 6 spell levels left.
You didn't know any spells.
Your spell library was empty.

Dungeon Overview and Level Annotations

Branches:
Dungeon (4/15)
 Temple: D:4-7

Altars:


Innate Abilities, Weirdness & Mutations

You have a pair of horns on your head.
You reflexively headbutt those who attack you in melee.


Message History

The wight hits you with a +1 trident.
You completely miss the wight. Your headbutt misses the wight.
The wight is moderately damaged.
The wight hits you with a +1 trident!
You hit the wight but do no damage.
The wight is moderately damaged.
The wight barely misses you.
You closely miss the wight.
The wight is moderately damaged.
The wight hits you with a +1 trident.
You feel drained. The wight hits you with a +1 trident.
You hit the wight but do no damage. Your headbutt misses the wight.
The wight is moderately damaged.
The wight hits you with a +1 trident!
* * * LOW HITPOINT WARNING * * *
You slash the wight! You headbutt the wight.
The wight is almost destroyed.
You block the wight's attack.
You hit the wight but do no damage.
The wight is almost destroyed.
The wight barely misses you. You furiously retaliate!
You headbutt the wight, but do no damage.
You closely miss the wight.
The wight is almost destroyed.
The wight barely misses you. You furiously retaliate!
You headbutt the wight, but do no damage.
The wight hits you but does no damage.
You hit the wight.
You destroy the wight!
You have reached level 7!
Okay, then.
You hit the wight. Your headbutt misses the wight.
The wight is moderately damaged.
The wight barely misses you.
You hit the wight.
The wight is moderately damaged.
The wight hits you with a +0 great sword!
* * * LOW HITPOINT WARNING * * *
You feel drained.
You die...

#.#### #.............
#....#.# #.......###.##
####.#.#.######.## #.#
#.#.#........####.##
#.#.#######.........
#.#.# #..####.##
#.#.#######.#####.##
#.#z#...............
#.#@#.#####>........
#.#.#.#############.
#.#.#............##)
#.####.#.############.##.
#..............# #.##.
#.####.#....##.# #.##.
#.####.# #.##. #.# .#
#.##. #.# # #.##.


You could see a wight.

Vanquished Creatures
  An ogre (D:4)
  4 wights (D:4)
  A bullfrog zombie (D:3)
  A jelly (D:4)
  Ijyb (D:3)
  Natasha (twice) (D:3)
  An iguana (D:2)
  Robin (D:2)
  4 gnolls (D:2)
  2 adders (D:3)
  An ufetubus (D:4)
  A dart slug (D:3)
  An orc (D:4)
  3 bats
  5 endoplasms
  A giant cockroach (D:2)
  17 goblins
  10 hobgoblins
  3 jackals (D:1)
  A quokka (D:4)
  3 ball pythons
  3 frilled lizards
  5 kobolds
  10 rats
82 creatures vanquished.

Notes
Turn   | Place    | Note
-------+----------+-------------------------------------------
     0 | D:1      | Fallenstar the Minotaur Fighter began the quest for the
                  | Orb.
     0 | D:1      | Reached XP level 1. HP: 19/19 MP: 0/0
   272 | D:1      | You fall into a shaft and drop 1 floor!
   280 | D:2      | Noticed an iguana
   288 | D:2      | HP: 1/20 [iguana (6)]
   289 | D:2      | Killed an iguana
   290 | D:2      | Reached XP level 2. HP: 1/27 MP: 1/1
   290 | D:2      | Reached XP level 3. HP: 2/33 MP: 2/2
   642 | D:2      | Noticed Robin
  1121 | D:1      | Found a faded altar of an unknown god.
  1305 | D:2      | Reached XP level 4. HP: 27/40 MP: 3/3
  1310 | D:2      | Killed Robin
  2364 | D:3      | Reached skill level 5 in Armour
  2364 | D:3      | Reached XP level 5. HP: 39/47 MP: 4/4
  2481 | D:3      | Noticed Natasha
  2489 | D:3      | Killed Natasha
  2516 | D:3      | Noticed Natasha
  2523 | D:3      | Killed Natasha
  2942 | D:3      | Noticed Ijyb
  2942 | D:3      | Paralysed by Ijyb for 7 turns
  2953 | D:3      | Killed Ijyb
  3310 | D:4      | Reached XP level 6. HP: 54/54 MP: 5/5
  3380 | D:4      | Reached skill level 5 in Axes
  3380 | D:4      | Reached skill level 1 in Dodging
  3607 | D:4      | Reached skill level 5 in Fighting
  3884 | D:4      | Reached XP level 7. HP: 16/56 MP: 6/6
  3885 | D:4      | HP: 1/56 [wight (15)]
  3885 | D:4      | Slain by a wight

Illustrated notes

Levels and vault maps discovered:
D:1:      lemuel_arrival_rhombus, layout_basic,
          hellmonk_ecumenical_altar_heavens_door
D:2:      layout_basic, uniq_robin
D:3:      layout_loops_ring, uniq_natasha, uniq_ijyb
D:4:      layout_basic, uniq_edmund, uniq_crazy_yiuf_cottage

Skill      XL: |  1  2  3  4  5  6 |
---------------+-------------------+-----
Fighting       | 4 5 |  5.1
Armour         | 4 5 6 |  6.1
Shields        | 4 |  4.5
Axes           | 3 4 6 |  6.1
Dodging        | 1 |  1.1
Stealth        | |  0.4

Action                   |  1- 3 |  4- 6 |  7- 9 || total
-------------------------+-------+-------+-------++-------
Melee: War axe           |    68 |   117 |     2 ||   187
       Headbutt          |     9 |    17 |       ||    26
  Use: Scroll            |       |     4 |       ||     4
       Potion            |       |     3 |       ||     3
Armor: Scale mail        |    33 |    47 |       ||    80
Dodge: Dodged            |    32 |    58 |     1 ||    91
Block: Buckler           |    14 |    21 |       ||    35
